 Dungeon Crawl Stone Soup version 0.31-a0-1405-g2bb1a01664 (webtiles) character file.

Game seed: 8616869688379111734

6747 Dirtsage the Mimic (level 11, 0/88 HPs)
             Began as an Octopode Shapeshifter on Dec 25, 2023.
             Slain by Erica
             ... wielding a +4 scimitar of flaming
              (6 damage)
             ... on level 10 of the Dungeon.
             The game lasted 00:17:25 (7381 turns).

Dirtsage the Mimic (Octopode Shapeshifter)          Turns: 7381, Time: 00:17:26

Health: 0/88       AC:  9    Str: 26    XL:     11   Next: 4%
Magic:  11/11      EV: 13    Int: 16    God:
Gold:   781        SH:  0    Dex: 15    Spells: 7/10 levels left

rFire   + +          .
                       - Unarmed
rCold   + . .        (shield currently unavailable)
rNeg    + . .        (helmet currently unavailable)
rPois   +            r - amulet of Recklessness {RegenMP rN+ Regen+ Int+4 Stlth+}
rElec   .            F - ring of protection from fire
rCorr   .            u - +6 ring of strength
SInv    .            w - ring of ice
Will    .....        y - ring of protection from fire
Stlth   ++           z - ring of protection from fire
HPRegen 1.14/turn    (no ring)
MPRegen 0.52/turn    (no ring)
                     (no ring)

%: no passive effects
@: snake-form, slowed, very slow
A: constrict, boosted hp, almost no armour, amphibious, 8 rings, large,
(camouflage 1), (gelatinous body 1), (nimble swimmer 1), (tentacles)
a: Begin Untransformation


You were on level 10 of the Dungeon.
You were an enormous serpent.
You visited 2 branches of the dungeon, and saw 11 of its levels.

You collected 1360 gold pieces.
You spent 579 gold pieces at shops.

Inventory:

Missiles
 o - a throwing net
Jewellery
 r - the amulet of Recklessness (around neck) {RegenMP rN+ Regen+ Int+4 Stlth+}
   (You took it off a goblin on level 4 of the Dungeon)

   [amulet of magic regeneration]

   RegenMP:   It increases your rate of magic regeneration.
   Int+4:     It affects your intelligence (+4).
   rN+:       It protects you from negative energy.
   Regen+:    It increases your rate of health regeneration.
   Stlth+:    It makes you more stealthy.
 s - an amulet of reflection
 u - a +6 ring of strength (right tentacle)
 w - a ring of ice (on tentacle)
 x - an amulet of faith
 y - a ring of protection from fire (on tentacle)
 z - a ring of protection from fire (on tentacle)
 F - a ring of protection from fire (left tentacle)
Talismans
 b - a beast talisman
 c - a flux talisman
 j - a serpent talisman (active)
Scrolls
 a - 2 scrolls of noise
 f - 3 scrolls of revelation
 g - a scroll of fear
 i - 3 scrolls of identify
 k - a scroll of silence
 l - a scroll of torment
 m - a scroll of butterflies
 t - 3 scrolls of teleportation
 B - 2 scrolls of blinking
Potions
 e - a potion of mutation
 n - a potion of resistance
 p - 3 potions of degeneration
 q - a potion of curing
 v - a potion of attraction


   Skills:
 + Level 6.5 Fighting
 + Level 4.5 Throwing
 + Level 6.7 Dodging
 - Level 5.4 Unarmed Combat
 + Level 3.9 Ice Magic
 * Level 10.9 Shapeshifting


You had 7 spell levels left.
You knew the following spells:

 Your Spells              Type           Power      Damage    Failure   Level
b - Frozen Ramparts       Ice            36%        1d6       16%         3

Your spell library contained the following spells:

 Spells                   Type           Power      Damage    Failure   Level
 Freeze                   Ice            72%        1d8       5%          1
 Hailstorm                Conj/Ice       9%         3d6       34%         3
 Leda's Liquefaction      Alch/Erth      0%         N/A       94%         4
 Petrify                  Alch/Erth      0%         N/A       94%         4
 Metabolic Englaciation   Hex/Ice        4%         N/A       97%         5


Dungeon Overview and Level Annotations

Branches:
Dungeon (10/15)            Temple (1/1) D:7            Lair (0/5) D:9
    Orc: D:9-12

Altars:
Ashenzari
Cheibriados
Dithmenos
Elyvilon
Fedhas
Gozag
Hepliaklqana
Kikubaaqudgha
Makhleb
Nemelex Xobeh
Okawaru
Qazlal
Ru
Sif Muna
Trog
Vehumet
Wu Jian
Xom
Yredelemnul
Zin

Shops:
D:5 ([   D:6 *

Annotations:
D:2 1 runed translucent door, Crazy Yiuf
D:10 Erica


Innate Abilities, Weirdness & Mutations

You are an enormous serpent.
You have a powerful constriction melee attack.
Your maximum health is increased.
Your armour is entirely melded.
You are incapable of wielding weapons or throwing items.
You cannot wear most types of armour.
You are amphibious.
You can wear up to eight rings at the same time.
((Your skin changes colour to match your surroundings (Stealth+).))
((Your rubbery body absorbs attacks. (AC +1, EV +1)))
((You are camouflaged when in or above water. (Stealth+)))
((You have tentacles for arms and can constrict up to eight enemies at once.))


Message History

Your will is overpowered!
You are confused.
You regained 7 hp, and now have 23/88 hp.
You hear a zap.
Something tries to affect you, but you resist.
You hear a zap.
Something tries to affect you, but you resist.
You regained 2 hp, and now have 26/88 hp.
You bump into the rock wall.
You hear some strange, mumbled words.
A bolt of poison appears from out of thin air!
The bolt of poison hits you. You resist.
* * * LOW HITPOINT WARNING * * *
You hear a zap.
Something tries to affect you, but you resist.
You take 4 damage, and have 22/88 hp.
You feel less confused.
You hear a zap.
Something tries to affect you, but you resist.
You regained 2 hp, and now have 24/88 hp.
You lash something!
Erica appears from thin air!
Reactivating autopickup.
Erica hits you with a +4 scimitar of flaming!
* * * LOW HITPOINT WARNING * * *
Erica hits you with a +4 scimitar of flaming.
* * * LOW HITPOINT WARNING * * *
You take 12 damage, and have 12/88 hp.
Okay, then.
You barely miss Erica. Your grab misses Erica.
Erica is moderately wounded.
Erica casts a spell.
Erica flickers and vanishes!
Deactivating autopickup; reactivate with Ctrl-A.
You regained 2 hp, and now have 14/88 hp.
You lash something! Something hits you!
* * * LOW HITPOINT WARNING * * *
Something burns you.
* * * LOW HITPOINT WARNING * * *
You take 10 damage, and have 4/88 hp.
You closely miss something. Something hits you.
You die...

⌠.....
..P~..#
..P~...
#......##
+.....<##
##....#.##
#......#)##
#.......)))#
..#..##?#S{#
# #.. #.#..#
#........#
#..#.#...#
#.#...#
..... ##.###
#. ##


There were no monsters in sight!

Vanquished Creatures
  3 death yaks (D:9)
  2 trolls (D:9)
  Sigmund (D:2)
  7 yaks
  2 steam dragons
  3 water moccasins
  4 black bears
  2 orc warriors (D:9)
  2 sky beasts (D:7)
  2 ice beasts
  2 ogres
  A centaur (D:8)
  A phantom (D:4)
  4 bullfrogs
  5 wights (D:5)
  5 killer bees (D:9)
  4 jellies
  5 orc priests
  3 hounds (D:6)
  A sleepcap (D:7)
  A gnoll bouda (D:4)
  7 orc wizards
  3 iguanas
  8 gnolls
  4 adders
  2 shadow imps
  3 dart slugs
  28 orcs
  6 ball pythons
  5 bats
  5 endoplasms
  3 giant cockroaches
  8 goblins
  8 hobgoblins
  6 kobolds
  A quokka (D:2)
  2 frilled lizards (D:1)
  10 rats
169 creatures vanquished.

Notes
Turn   | Place    | Note
-------+----------+-------------------------------------------
     0 | D:1      | Dirtsage the Octopode Shapeshifter began the quest for the
                  | Orb.
     0 | D:1      | Reached XP level 1. HP: 13/13 MP: 1/1
   128 | D:1      | Reached XP level 2. HP: 18/18 MP: 2/2
   858 | D:1      | Reached XP level 3. HP: 17/23 MP: 3/3
   897 | D:2      | Noticed Sigmund
   912 | D:2      | Killed Sigmund
   913 | D:2      | Reached skill level 4 in Shapeshifting
   913 | D:2      | Reached XP level 4. HP: 22/30 MP: 4/4
   913 | D:2      | Reached XP level 5. HP: 25/35 MP: 5/5
  1616 | D:2      | Found a faded altar of an unknown god.
  1616 | D:2      | Noticed a green death
  1642 | D:2      | Found a runed translucent door.
  1643 | D:2      | Noticed Crazy Yiuf
  1677 | D:2      | Reached XP level 6. HP: 19/41 MP: 6/6
  2122 | D:3      | Found a basalt altar of Yredelemnul.
  2314 | D:3      | Found an ornate altar of the Wu Jian Council.
  2618 | D:4      | Identified the amulet of Recklessness {RegenMP rN+ Regen+
                  | Int+4 Stlth+}
  2787 | D:4      | Reached skill level 5 in Shapeshifting
  2825 | D:4      | Reached XP level 7. HP: 43/46 MP: 7/7
  2903 | D:4      | Found a white marble altar of Elyvilon.
  2903 | D:4      | Found a stormy altar of Qazlal.
  2904 | D:4      | Found a glowing silver altar of Zin.
  3819 | D:4      | Reached XP level 8. HP: 54/54 MP: 8/8
  3852 | D:4      | Reached skill level 5 in Unarmed Combat
  4043 | D:5      | Entered Level 5 of the Dungeon
  4080 | D:5      | Reached skill level 6 in Shapeshifting
  4084 | D:5      | Found Gihisoll's Weapon Shop.
  4086 | D:5      | Found Rogy's Armour Shop.
  4089 | D:5      | Found Ylaapnoe's Magic Scroll Shop.
  4196 | D:5      | Bought a scroll of identify for 24 gold pieces
  4196 | D:5      | Bought a scroll of blinking for 90 gold pieces
  4196 | D:5      | Bought a scroll of identify for 24 gold pieces
  4246 | D:4      | Identified a scroll of acquirement
  4246 | D:4      | Acquired 965 gold pieces
  4330 | D:5      | Bought a scroll of fear for 48 gold pieces
  4330 | D:5      | Bought a scroll of identify for 24 gold pieces
  4330 | D:5      | Bought a scroll of revelation for 90 gold pieces
  4845 | D:5      | Reached skill level 7 in Shapeshifting
  4948 | D:6      | Found Poujoc Papin's Assorted Antiques.
  4957 | D:6      | Bought a potion of curing for 93 gold pieces
  4957 | D:6      | Bought a scroll of identify for 62 gold pieces
  4957 | D:6      | Bought a scroll of identify for 62 gold pieces
  4957 | D:6      | Bought a scroll labelled RUIMAG COKU for 31 gold pieces
  4957 | D:6      | Bought a scroll labelled OLUUDGH MOHISO for 31 gold pieces
  5049 | D:6      | Reached XP level 9. HP: 58/58 MP: 9/9
  5141 | D:6      | Reached skill level 8 in Shapeshifting
  5377 | D:6      | Reached skill level 9 in Shapeshifting
  5905 | D:7      | Reached skill level 5 in Dodging
  5906 | D:7      | Reached skill level 1 in Throwing
  5937 | D:7      | Found a staircase to the Ecumenical Temple.
  5978 | Temple   | Entered the Ecumenical Temple
  6516 | D:8      | Learned a level 3 spell: Frozen Ramparts
  6819 | D:8      | Reached skill level 5 in Fighting
  6822 | D:8      | Reached skill level 1 in Ice Magic
  6830 | D:8      | Reached XP level 10. HP: 19/66 MP: 10/10
  7008 | D:9      | Reached skill level 10 in Shapeshifting
  7089 | D:9      | Noticed a death yak
  7091 | D:9      | Noticed a death yak
  7178 | D:9      | Found a staircase to the Lair.
  7241 | D:9      | Noticed a death yak
  7242 | D:9      | Noticed a death yak
  7259 | D:9      | Killed a death yak
  7264 | D:9      | Killed a death yak
  7266 | D:9      | Noticed a death yak
  7269 | D:9      | Noticed a death yak
  7275 | D:9      | Killed a death yak
  7276 | D:9      | Reached XP level 11. HP: 39/74 MP: 11/11
  7344 | D:10     | Entered Level 10 of the Dungeon
  7347 | D:10     | Noticed Erica
  7370 | D:10     | HP: 4/88 [something (12)]
  7380 | D:10     | HP: 4/88 [something (1)]
  7381 | D:10     | Slain by Erica

Illustrated notes

Levels and vault maps discovered:
D:1:      dpeg_arrival_ternary, layout_basic
D:2:      layout_loops_ring, dreamdust_ecumenical_altar_sealed_demon,
          minmay_3d_cube, uniq_sigmund, uniq_crazy_yiuf_cottage
D:3:      layout_basic, mainiacjoe_overflow_small_starburst,
          mainiacjoe_overflow_boulevard, nicolae_hexahallways,
          minmay_misc_feat_doors
D:4:      layout_layer_cave, gammafunk_temple_overflow_forgotten,
          minmay_hedge_maze, corner_web_ring
D:5:      layout_rooms, nicolae_shop_distant_corner_stores
D:6:      layout_basic, serial_shops, shop, minmay_misc_feat_room
D:7:      layout_cave_pools, minmay_temple_entry_water_ring
D:8:      layout_loops_corners, minmay_statues_item
D:9:      layout_loops_ring, dpeg_lair_monsters
D:10:     layout_loops_cross, tso_oasis_becter,
          nicolae_uskayaw_murder_on_the_dancefloor, enter_trove_2, uniq_erica,
          uniq_snorg
Temple:   bh_familiar_temple

Skill      XL: |  1  2  3  4  5  6  7  8  9 10 |
---------------+-------------------------------+-----
Fighting       | 2 3 4 5 6 |  6.5
Dodging        | 3 4 5 6 |  6.7
Shapeshifting  | 4 5 7 9 10 | 10.9
Unarmed Combat | 4 5 |  5.4
Throwing       | 2 4 |  4.5
Ice Magic      | 1 3 |  3.9

Action                     |  1- 3 |  4- 6 |  7- 9 | 10-12 || total
---------------------------+-------+-------+-------+-------++-------
  Melee: Unarmed           |    47 |    99 |   203 |    96 ||   445
         Constrict         |    12 |    29 |    46 |    19 ||   106
         Tentacles         |     6 |    22 |    31 |       ||    59
         Punch             |       |     1 |     5 |       ||     6
    Use: Potion            |     1 |       |       |     6 ||     7
         Scroll            |       |       |    19 |     3 ||    22
   Stab: Sleeping          |     1 |     4 |    12 |       ||    17
         Distracted        |       |     1 |       |       ||     1
 Armour: Skin              |    17 |    30 |    87 |    69 ||   203
  Dodge: Dodged            |    22 |    50 |   109 |    45 ||   226
   Form: Flux              |       |       |     1 |       ||     1
         Serpent           |       |       |     1 |       ||     1

Table legend: (Time is in decaauts)
 A = Elapsed time spent in this place.
 B = Non-inter-level travel time spent in this place.
 C = Inter-level travel time spent in this place.
 D = Time resting spent in this place.
 E = Time spent auto-exploring this place.
 F = Levels seen in this place.
 G = Mean time per level.
                   A        B        C        D        E       F      G
               +--------+--------+--------+--------+--------+-----+--------+
         Total |   7335 |   6667 |    668 |     76 |   5284 |  11 |  666.8 |
       Dungeon |   7306 |   6651 |    655 |     76 |   5284 |  10 |  730.6 |
        Temple |     28 |     15 |     13 |      0 |      0 |   1 |   28.0 |
               +--------+--------+--------+--------+--------+-----+--------+

Top non-repeatable levels by time:
     D:4: 1744 daAuts
     D:2: 972 daAuts
     D:8: 933 daAuts
     D:1: 871 daAuts
     D:3: 727 daAuts
     D:6: 718 daAuts
     D:5: 612 daAuts
     D:7: 454 daAuts
     D:9: 225 daAuts
    D:10: 45 daAuts
  Temple: 28 daAuts
